 Dungeon Crawl Stone Soup version 0.29-a0-925-g0a7a3d12f8 (webtiles) character file.

Game seed: 17307686962428359086

8 Malachi the Trooper (level 2, 14/24 HPs)
             Began as a Mummy Cinder Acolyte on July 29, 2022.
             Was a High Priest of Ignis.
             Safely got out of the dungeon.
             The game lasted 00:00:22 (357 turns).

Malachi the Trooper (Mummy Cinder Acolyte)           Turns: 357, Time: 00:00:23

Health: 14/24      AC:  2    Str: 17    XL:     2   Next: 0%
Magic:  4/4        EV: 11    Int: 13    God:    Ignis [*****.]
Gold:   14         SH:  0    Dex:  7    Spells: 4/4 levels left

rFire   . . .      SeeInvis .   a - -1 mace (flame)
rCold   + . .      Faith    .   (no shield)
rNeg    + + +      Spirit   .   b - +0 robe
rPois   ∞          Reflect  .   (no helmet)
rElec   .          Harm     .   (no cloak)
rCorr   .          Rampage  .   (no gloves)
Will    .....                   (no boots)
Stlth   +.........              (no amulet)
HPRegen 0.08/turn               (no ring)
MPRegen 0.09/turn               (no ring)

@: no status effects
A: cold resistance 1, negative energy resistance 3, torment resistance 2, heat
vulnerability 1, no potions
a: Renounce Religion, Fiery Armour, Foxfire Swarm, Rising Flame


You escaped.
You worshipped Ignis.
Ignis was extremely pleased with you.
You visited 1 branch of the dungeon, and saw 1 of its levels.

You collected 14 gold pieces.

Inventory:

Hand Weapons
 a - a -1 mace of flaming (weapon)
Armour
 b - a +0 robe (worn)
Scrolls
 c - a scroll of vulnerability {unknown}


   Skills:
 + Level 3.1 Fighting
 + Level 2.5 Maces & Flails
 + Level 1.7 Spellcasting
 + Level 2.5 Fire Magic


You had 4 spell levels left.
You didn't know any spells.
Your spell library contained the following spells:

 Spells                   Type           Power      Damage    Failure   Level
 Scorch                   Fire           14%        2d5       14%         2


Dungeon Overview and Level Annotations

Branches:
Dungeon (1/15)

Altars:


Innate Abilities, Weirdness & Mutations

You are immune to poison.
Your flesh is cold resistant. (rC+)
You are immune to negative energy. (rN+++)
You are immune to unholy pain and torment.
You are vulnerable to heat. (rF-)
You do not drink.


Message History

The goblin shouts!
A goblin is nearby!
A goblin is nearby!
You barely miss the goblin. The goblin closely misses you.
The goblin completely misses you.
A hobgoblin comes into view.
The hobgoblin shouts!
You hit the goblin. You burn the goblin.
You kill the goblin!
You see here a +0 dagger.
You barely miss the hobgoblin. The hobgoblin barely misses you.
You barely miss the hobgoblin. The hobgoblin barely misses you.
You barely miss the hobgoblin. The hobgoblin closely misses you.
The hobgoblin barely misses you.
You barely miss the hobgoblin. The hobgoblin hits you.
You barely miss the hobgoblin. The hobgoblin closely misses you.
You completely miss the hobgoblin. The hobgoblin closely misses you.
The hobgoblin hits you.
You completely miss the hobgoblin. The hobgoblin hits you.
You are too injured to fight recklessly!
You are too injured to fight recklessly!
You are too injured to fight recklessly!
You are too injured to fight recklessly!
You are too injured to fight recklessly!
You are too injured to fight recklessly!
You are too injured to fight recklessly!
You are too injured to fight recklessly!
You are too injured to fight recklessly!
You are too injured to fight recklessly!
You are too injured to fight recklessly!
You barely miss the hobgoblin. The hobgoblin completely misses you.
You sock the hobgoblin! You burn the hobgoblin.
You kill the hobgoblin!
You have reached level 2!
Unknown command.
There is an open door here.
There is a staircase leading out of the dungeon here.
There is a staircase leading out of the dungeon here.
Are you sure you want to leave the Dungeon?
This will make you lose the game!
You have escaped!

.....####.#....#........
#...........##......###
###.......####......# .# ..
###...### #.......## #.... ...
##.## #........# #.#.#....
###'### .........## #.#.#....
##.....## ........... #........
#.......# ........... ##.......#
#...@...# ##........# .......#
##.....## ###....... .....#
##.....## ###....#
##.##########'#####'##########..#
#............## ##.............)
#.............# #............#.#
#.....###.....###.....#####.##.#
####### #......#......###.......
#......#.......##.....##


There were no monsters in sight!

Vanquished Creatures
  A ball python (D:1)
  A goblin (D:1)
  2 hobgoblins (D:1)
  A kobold (D:1)
  2 rats (D:1)
7 creatures vanquished.

Notes
Turn   | Place    | Note
-------+----------+-------------------------------------------
     0 | D:1      | Malachi the Mummy Cinder Acolyte began the quest for the
                  | Orb.
     0 | D:1      | Reached XP level 1. HP: 18/18 MP: 2/2
   333 | D:1      | Reached XP level 2. HP: 12/24 MP: 4/4
   357 | D:$      | Safely got out of the dungeon.

Illustrated notes

Levels and vault maps discovered:
D:1:      onia_arrival_pentagram, layout_loops_cross

Action                   || total
-------------------------++-------
Melee: Mace              ||    34
Armor: Robe              ||     4
Dodge: Dodged            ||    23

Table legend: (Time is in decaauts)
 A = Elapsed time spent in this place.
 B = Non-inter-level travel time spent in this place.
 C = Inter-level travel time spent in this place.
 D = Time resting spent in this place.
 E = Time spent auto-exploring this place.
 F = Levels seen in this place.
 G = Mean time per level.
                   A        B        C        D        E       F      G
               +--------+--------+--------+--------+--------+-----+--------+
         Total |    366 |    349 |     17 |      0 |    275 |   1 |  366.0 |
       Dungeon |    366 |    349 |     17 |      0 |    275 |   1 |  366.0 |
               +--------+--------+--------+--------+--------+-----+--------+

Top non-repeatable levels by time:
     D:1: 366 daAuts
